 Dungeon Sprint DCSS version 0.30.1-4-g462c640d31 (webtiles) character file.

Game seed: 15824822978796709547

22544 Heoruswealwe the Wrestler (level 12, -9/210 HPs)
             Began as a Troll Berserker on Aug 17, 2023.
             Was the Champion of Trog.
             Mangled by Tiamat
             ... wielding a +0 heavy glaive
              (27 damage)
             ... in the Dungeon (Sprint I: "Red Sonja").
             The game lasted 00:49:29 (3103 turns).

Heoruswealwe the Wrestler (Troll Berserker)         Turns: 3103, Time: 00:49:29

Health: -9/210     AC: 17    Str: 34    XL:     12   Next: 63%
Magic:  9/9        EV: 16    Int:  4    God:    Trog [******]
Gold:   504        SH:  0    Dex:  8    Spells: 11/11 levels left

rFire   + +          .
                       - Unarmed
rCold   + . .        (no shield)
rNeg    . . .        d - +2 gold dragon scales
rPois   +            (helmet restricted)
rElec   +            k - +0 cloak {rPois}
rCorr   +            (gloves unavailable)
SInv    .            (boots unavailable)
Will    .....        (no amulet) Stlth
                     c - +5 ring of evasion
HPRegen 1.35/turn    i - ring "Qoxtig" {rElec rF+ rCorr EV+5}
MPRegen 0.11/turn

%: no teleportation
@: berserking (expiring), unable to read, very quick
A: large, unfitting armour, claws 3, regeneration 1, shaggy fur 1, tough skin 1,
horns 1, low MP 1, strong 1, subdued magic 1, inability to read after injury 1
a: Renounce Religion, Berserk, Trog's Hand, Brothers in Arms


You were in the Dungeon.
You worshipped Trog.
Trog was exalted by your worship.
You visited 1 branch You collected 4343 gold pieces.
You spent 3839 gold pieces at shops.

Inventory:

Armour
 d - +2 gold dragon scales (worn)
 k - a +0 cloak of poison resistance (worn)
Jewellery
 c - a +5 ring of evasion (left claw)
 i - the ring "Qoxtig" (right claw) {rElec rF+ rCorr EV+5}
   (You bought it in a shop in the Dungeon)

   [ring of evasion]

   EV:        It affects your evasion (+5).
   rF:        It protects you from fire.
   rElec:     It insulates you from electricity.
   rCorr:     It protects you from acid and corrosion.
Wands
 a - a wand of iceblast (9)
 h - a wand of digging (5)
 l - a wand of paralysis (10)
Scrolls
 e - 2 scrolls of fear
 g - 2 scrolls of blinking
 j - 2 scrolls of fog
 q - a scroll of summoning
 r - a scroll of poison
 u - a scroll of silence
 w - 4 scrolls of identify
 x - a scroll of immolation
Potions
 b - 18 potions of curing
 m - a potion of cancellation
 n - 2 potions of resistance
 o - 3 potions of flight
 z - a potion of ambrosia
Miscellaneous
 p - a box of beasts


   Skills:
 + Level 14.5 Fighting
 + Level 14.5 Dodging
 * Level 23.1 Unarmed Combat


You had 11 spell levels left.
You didn't know any spells.
Your spell library was empty.

Dungeon Overview and Level Annotations

Branches:
Dungeon (1/1)

Altars:
Cheibriados
Dithmenos
Elyvilon
Fedhas
Gozag
Hepliaklqana
Kikubaaqudgha
Makhleb
Nemelex Xobeh
Okawaru
Qazlal
Ru
Sif Muna
Trog
Uskayaw
Vehumet
Wu Jian
Xom
Yredelemnul
Zin
The Shining One
Jiyva
Lugonu

Shops:
D [**(!*:=*=:[=(??*=[[!

Annotations:
D Tiamat


Innate Abilities, Weirdness & Mutations

You are too large for most types of armour.
You have claws for hands.
Your natural rate of healing is unusually fast.
You are covered in fur. (AC +1)
You have tough skin. (AC +1)
You have a pair of small horns on your head.
Your magical capacity is low. (-10% MP)
Your muscles are strong. (Str +4, Int/Dex -1)
Your spells are a little easier to cast, but a little less powerful.
You occasionally lose the ability to read scrolls when taking damage.


Message History

Tiamat is moderately wounded.
You barely miss Tiamat. Your headbutt misses Tiamat. You claw Tiamat.
Tiamat is heavily wounded.
You closely miss Tiamat. You headbutt Tiamat, but do no damage.
You claw Tiamat!!!
Tiamat is heavily wounded.
Tiamat hits you with a +0 heavy glaive!!!
You feel threatened and lose the ability to read scrolls!
* * * LOW HITPOINT WARNING * * *
Tiamat tail-slaps you!!
* * * LOW HITPOINT WARNING * * *
Tiamat misses you.
You claw Tiamat! You headbutt Tiamat, but do no damage.
Tiamat is heavily wounded.
You scratch Tiamat. Your headbutt misses Tiamat.
Tiamat is heavily wounded.
You completely miss Tiamat. Your headbutt misses Tiamat.
You claw Tiamat, but do no damage.
Tiamat is heavily wounded.
You barely miss Tiamat. You headbutt Tiamat. You claw Tiamat!!
Tiamat is severely wounded.
Tiamat breathes fire at you. The searing blast hits you!! You resist.
* * * LOW HITPOINT WARNING * * *
You closely miss Tiamat.
Tiamat is heavily wounded.
You claw Tiamat! You claw Tiamat.
Tiamat is severely wounded.
You mangle Tiamat!! You headbutt Tiamat, but do no damage.
You claw Tiamat, but do no damage.
Tiamat is severely wounded.
Tiamat misses you. Tiamat closely misses you.
You eviscerate Tiamat!!! Your headbutt misses Tiamat. Your claw misses Tiamat.
Tiamat is almost dead.
You closely miss Tiamat.
Tiamat is almost dead.
You closely miss Tiamat.
Tiamat is almost dead.
Tiamat hits you with a +0 heavy glaive!!
You die...

#.#.......)+§####.........#.#,',,
..#'''######§#..+..○...####'#^**'
(.#........#§#####○..###).).#,*~~
###??.....#+§#[..#####.).####,*~~
)..??....~####..○......###,^,,*~~
........~~##[.?....#####^,,^****~
......~~~###.!....##^,,,,,,,*,,*'
#..~~~~### #.....##,,,,,,^,,*,,,*
'######'####....@#,,,,,,,,,,*,,,,
########∩∩######d#****^^,,,,*,,,,
∩∩∩∩∩∩∩∩∩###≈≈≈≈≈≈≈≈.*,,,,,,*****
########## #####.####*,,,,,^',,*,
#..0..'.,,,,,,,,,*,,',
#########*************


You could see Tiamat.

Vanquished Creatures
  A golden dragon (D)
  A shadow dragon (D)
  A daeva (D)
  4 fire giants (D)
  A lorocyproca (D)
  A hydra (D)
  2 centaur warriors (D)
  Sonja (D)
  A deep troll (D)
  A lindwurm (D)
  An oklob plant (D)
  8 shining eyes (D)
  4 demonic crawlers (D)
  A gargoyle (D)
  7 unseen horrors (D)
  2 kobold demonologists (D)
  A meliai (D)
  A hornet (D)
  Sigmund (D)
  A slime creature (D)
  A yak (D)
  13 hogs (D)
  2 redbacks (D)
  7 floating eyes (D)
  An ogre (D)
  7 necrophages (D)
  8 jellies (D)
  Ijyb (D)
81 creatures vanquished.

Vanquished Creatures (others)
  2 ballistomycete spores (D)
2 creatures vanquished.

Grand Total: 83 creatures vanquished

Notes
Turn   | Place    | Note
-------+----------+-------------------------------------------
     0 | D        | Heoruswealwe the Troll Berserker began the quest for the
                  | Orb.
     0 | D        | Reached XP level 1. HP: 22/22 MP: 0/0
     1 | D        | Noticed Ijyb
    13 | D        | Killed Ijyb
    14 | D        | Reached skill level 5 in Unarmed Combat
    14 | D        | Reached XP level 2. HP: 26/31 MP: 1/1
    38 | D        | Noticed an ogre
    41 | D        | Killed an ogre
    42 | D        | Reached skill level 7 in Unarmed Combat
    42 | D        | Reached XP level 3. HP: 34/40 MP: 2/2
    42 | D        | Reached XP level 4. HP: 42/49 MP: 3/3
    75 | D        | Noticed Sigmund
    82 | D        | Killed Sigmund
    82 | D        | Reached ** piety under Trog
    83 | D        | Reached skill level 5 in Fighting
    83 | D        | Reached skill level 5 in Dodging
    83 | D        | Reached skill level 9 in Unarmed Combat
    83 | D        | Reached XP level 5. HP: 52/59 MP: 4/4
    83 | D        | Reached XP level 6. HP: 59/67 MP: 5/5
   110 | D        | Found a burning altar of Makhleb.
   110 | D        | Found a viscous altar of Jiyva.
   110 | D        | Found a shimmering altar of Xom.
   110 | D        | Found a corrupted altar of Lugonu.
   110 | D        | Noticed a slime creature
   115 | D        | Killed a slime creature
   116 | D        | Reached skill level 10 in Unarmed Combat
   134 | D        | Found an ornate altar of the Wu Jian Council.
   134 | D        | Found a shimmering blue altar of Sif Muna.
   136 | D        | Found a radiant altar of Vehumet.
   167 | D        | Found Mumoaka's General Store.
   167 | D        | Found an ancient bone altar of Kikubaaqudgha.
   167 | D        | Found a hazy altar of Hepliaklqana.
   167 | D        | Found a stormy altar of Qazlal.
   167 | D        | Found a hide-covered altar of Uskayaw.
   167 | D        | Found a blossoming altar of Fedhas.
   167 | D        | Found a bloodstained altar of Trog.
   167 | D        | Found an iron altar of Okawaru.
   167 | D        | Found a basalt altar of Yredelemnul.
   167 | D        | Found a glowing golden altar of the Shining One.
   167 | D        | Found a snail-covered altar of Cheibriados.
   167 | D        | Found a sacrificial altar of Ru.
   167 | D        | Found a glowing silver altar of Zin.
   167 | D        | Found a shadowy altar of Dithmenos.
   167 | D        | Found a white marble altar of Elyvilon.
   167 | D        | Noticed a yak
   170 | D        | Killed a yak
   170 | D        | Reached *** piety under Trog
   171 | D        | Reached skill level 11 in Unarmed Combat
   171 | D        | Reached XP level 7. HP: 74/78 MP: 6/6
   171 | D        | Found an opulent altar of Gozag.
   172 | D        | Found a sparkling altar of Nemelex Xobeh.
   176 | D        | Bought a scroll of brand weapon for 133 gold pieces
   176 | D        | Bought a potion of might for 56 gold pieces
   176 | D        | Bought a potion of haste for 140 gold pieces
   197 | D        | Noticed a kobold demonologist
   197 | D        | Noticed a kobold demonologist
   201 | D        | Killed a kobold demonologist
   202 | D        | Reached skill level 12 in Unarmed Combat
   204 | D        | Killed a kobold demonologist
   204 | D        | Reached **** piety under Trog
   205 | D        | Reached skill level 13 in Unarmed Combat
   205 | D        | Reached XP level 8. HP: 88/88 MP: 7/7
   217 | D        | Noticed a centaur warrior
   217 | D        | Noticed a centaur warrior
   223 | D        | Killed a centaur warrior
   224 | D        | Reached skill level 14 in Unarmed Combat
   226 | D        | Killed a centaur warrior
   227 | D        | Reached skill level 15 in Unarmed Combat
   227 | D        | Reached XP level 9. HP: 49/100 MP: 8/8
   275 | D        | Noticed a deep troll
   278 | D        | Killed a deep troll
   278 | D        | Reached ***** piety under Trog
   290 | D        | Found Keirphen's Armour Emporium.
   320 | D        | Paralysed by a hornet for 1 turns
   346 | D        | Noticed an oklob plant
   359 | D        | Killed an oklob plant
   360 | D        | Reached skill level 10 in Fighting
   360 | D        | Reached skill level 10 in Dodging
   360 | D        | Reached skill level 16 in Unarmed Combat
   533 | D        | Killed an unseen horror
   533 | D        | Received a gift from Trog
   534 | D        | Reached XP level 10. HP: 60/111 MP: 9/9
   700 | D        | Reached skill level 17 in Unarmed Combat
   705 | D        | Received a gift from Trog
   739 | D        | Reached ****** piety under Trog
   920 | D        | Noticed Sonja
   927 | D        | Killed Sonja
   927 | D        | Received a gift from Trog
  1054 | D        | Found Isid's Distillery.
  1062 | D        | Bought a potion of curing for 36 gold pieces
  1062 | D        | Bought a potion of attraction for 36 gold pieces
  1062 | D        | Bought a potion of brilliance for 48 gold pieces
  1062 | D        | Bought a potion of heal wounds for 60 gold pieces
  1062 | D        | Bought a potion of cancellation for 96 gold pieces
  1062 | D        | Bought a potion of resistance for 120 gold pieces
  1062 | D        | Bought a potion of resistance for 120 gold pieces
  1062 | D        | Bought a potion of flight for 36 gold pieces
  1062 | D        | Bought a potion of curing for 36 gold pieces
  1076 | D        | Noticed a shining eye
  1076 | D        | Noticed a shining eye
  1076 | D        | Noticed a shining eye
  1077 | D        | Paralysed by a floating eye for 2 turns
  1077 | D        | Gained mutation: You have hidden genetic defects. [a
                  | shining eye]
  1081 | D        | Paralysed by a floating eye for 4 turns
  1091 | D        | Killed a shining eye
  1092 | D        | Reached skill level 18 in Unarmed Combat
  1097 | D        | Paralysed by a floating eye for 2 turns
  1101 | D        | Noticed a shining eye
  1101 | D        | Gained mutation: You occasionally lose the ability to read
                  | scrolls when taking damage. [a shining eye]
  1105 | D        | Killed a shining eye
  1105 | D        | Received a gift from Trog
  1106 | D        | Noticed a shining eye
  1106 | D        | Noticed a shining eye
  1109 | D        | Killed a shining eye
  1111 | D        | Killed a shining eye
  1111 | D        | Gained mutation: You sometimes lose the ability to read
                  | scrolls when taking damage. [a shining eye]
  1112 | D        | Noticed a shining eye
  1112 | D        | Noticed a shining eye
  1115 | D        | Gained mutation: You are weak. (Str -2) [a shining eye]
  1115 | D        | Gained mutation: Potions are less effective at restoring
                  | your health. [a shining eye]
  1117 | D        | Killed a shining eye
  1118 | D        | Reached XP level 11. HP: 123/123 MP: 10/10
  1119 | D        | Killed a shining eye
  1120 | D        | Reached skill level 19 in Unarmed Combat
  1120 | D        | Gained mutation: You sometimes lose your temper in combat.
                  | [a shining eye]
  1121 | D        | Gained mutation: You are dopey. (Int -2) [a shining eye]
  1122 | D        | Gained mutation: You have terrible hidden genetic defects.
                  | [hidden defects]
  1123 | D        | Gained mutation: You are clumsy. (Dex -2) [a shining eye]
  1123 | D        | Gained mutation: Your spells are a little easier to cast,
                  | but a little less powerful. [a shining eye]
  1125 | D        | Killed a shining eye
  1128 | D        | Killed a shining eye
  1134 | D        | Found Duphua's Weapon Shop.
  1134 | D        | Found Gism's Antique Armour Shoppe.
  1134 | D        | Found Kuzodopn's Distillery.
  1134 | D        | Found Deuss's Assorted Antiques.
  1141 | D        | Bought a scroll labelled HIUPAO YHELID for 24 gold pieces
  1141 | D        | Bought a scroll labelled EMAORI JIQOUWN for 24 gold pieces
  1141 | D        | Bought a potion of curing for 72 gold pieces
  1141 | D        | Bought a glowing blue potion for 21 gold pieces
  1148 | D        | Bought a potion of curing for 33 gold pieces
  1148 | D        | Bought a potion of degeneration for 11 gold pieces
  1148 | D        | Bought 2 potions of curing for 66 gold pieces
  1148 | D        | Bought a potion of curing for 33 gold pieces
  1148 | D        | Bought 2 potions of curing for 66 gold pieces
  1148 | D        | Bought a potion of berserk rage for 55 gold pieces
  1148 | D        | Bought a potion of berserk rage for 55 gold pieces
  1191 | D        | Received a gift from Trog
  1205 | D        | Gained mutation: You are very dopey. (Int -4) [hidden
                  | defects]
  1205 | D        | Lost mutation: You have terrible hidden genetic defects.
                  | [hidden defects expressed]
  1297 | D        | Killed a lorocyproca
  1298 | D        | Reached skill level 20 in Unarmed Combat
  1592 | D        | Noticed a lindwurm
  1596 | D        | Killed a lindwurm
  1622 | D        | Received a gift from Trog
  1639 | D        | Gained mutation: Your magical capacity is low. (-10% MP)
                  | [hidden defects]
  1640 | D        | Identified the +3 great mace of the Shining Light {flame,
                  | Str+3} (Trog gifted it to you in the Dungeon)
  1640 | D        | Received a gift from Trog
  1706 | D        | Noticed a 12-headed hydra
  1714 | D        | Killed a 19-headed hydra
  1714 | D        | Received a gift from Trog
  1715 | D        | Reached skill level 21 in Unarmed Combat
  1984 | D        | Noticed a daeva
  1995 | D        | Reached XP level 12. HP: 105/136 MP: 9/9
  1998 | D        | Gained mutation: Your spells are easier to cast, but less
                  | powerful. [hidden defects]
  1998 | D        | Lost mutation: You have hidden genetic defects. [hidden
                  | defects expressed]
  2075 | D        | Killed a daeva
  2249 | D        | Found Geysog's General Store.
  2249 | D        | Found Mokh's Armour Emporium.
  2249 | D        | Found Geqiarphu's Jewellery Emporium.
  2255 | D        | Found Licon's Book Shoppe.
  2255 | D        | Found Nacykl Geju's General Store.
  2255 | D        | Found Datuurot's Jewellery Boutique.
  2262 | D        | Found Juerchen's Magic Scroll Boutique.
  2262 | D        | Found Owyxux's Magic Scroll Shoppe.
  2262 | D        | Found Lonuf's Antique Weapon Shop.
  2262 | D        | Found Tilarph's Jewellery Emporium.
  2262 | D        | Found Gideorop's Antique Armour Boutique.
  2262 | D        | Found Mifeh's Book Shoppe.
  2262 | D        | Found Zeroer's Jewellery Shop.
  2265 | D        | Bought a scroll of poison for 56 gold pieces
  2265 | D        | Bought a +0 cloak for 63 gold pieces
  2265 | D        | Bought a scroll of magic mapping for 105 gold pieces
  2265 | D        | Bought a scroll of vulnerability for 56 gold pieces
  2266 | D        | Found Jezademp's Assorted Antiques.
  2267 | D        | Bought a scroll of blinking for 75 gold pieces
  2267 | D        | Bought a scroll of enchant weapon for 75 gold pieces
  2267 | D        | Bought a scroll of enchant armour for 75 gold pieces
  2267 | D        | Bought a scroll of amnesia for 40 gold pieces
  2267 | D        | Bought a scroll of identify for 20 gold pieces
  2267 | D        | Bought a scroll of torment for 95 gold pieces
  2274 | D        | Bought a scroll of fog for 52 gold pieces
  2274 | D        | Bought a scroll of silence for 123 gold pieces
  2274 | D        | Bought a scroll of identify for 26 gold pieces
  2274 | D        | Bought a scroll of identify for 26 gold pieces
  2274 | D        | Bought a scroll of identify for 26 gold pieces
  2280 | D        | Bought a potion of curing for 69 gold pieces
  2280 | D        | Bought a scroll of identify for 46 gold pieces
  2280 | D        | Bought a scroll labelled XAISAI WUAKASY for 23 gold pieces
  2280 | D        | Bought a potion of curing for 69 gold pieces
  2283 | D        | Bought a scroll of identify for 24 gold pieces
  2283 | D        | Bought a potion of curing for 36 gold pieces
  2283 | D        | Bought a potion of ambrosia for 96 gold pieces
  2294 | D        | Lost mutation: Your magical capacity is low. (-10% MP)
                  | [potion of mutation]
  2294 | D        | Lost mutation: You are very dopey. (Int -4) [potion of
                  | mutation]
  2294 | D        | Lost mutation: You are dopey. (Int -2) [potion of mutation]
  2420 | D        | Noticed a fire giant
  2428 | D        | Noticed a fire giant
  2434 | D        | Killed a fire giant
  2442 | D        | Killed a fire giant
  2442 | D        | Identified the +11 short sword "Siffoups" {flame, rElec
                  | rPois Str-2 Dex-3} (Trog gifted it to you in the Dungeon)
  2442 | D        | Received a gift from Trog
  2443 | D        | Reached skill level 22 in Unarmed Combat
  2501 | D        | Noticed a fire giant
  2516 | D        | Noticed a fire giant
  2518 | D        | Killed a fire giant
  2530 | D        | Killed a fire giant
  2626 | D        | Found the +4 dragonskin cloak
  2626 | D        | Noticed Tiamat
  2738 | D        | Bought the ring "Qoxtig" {rElec rF+ rCorr EV+5} for 876
                  | gold pieces
  2848 | D        | Noticed a shadow dragon
  2848 | D        | Noticed a golden dragon
  2860 | D        | Killed a shadow dragon
  2863 | D        | Killed a golden dragon
  2863 | D        | Received a gift from Trog
  2864 | D        | Reached skill level 23 in Unarmed Combat
  2967 | D        | Found Palalo's Distillery.
  2987 | D        | Bought a potion of curing for 30 gold pieces
  2987 | D        | Bought a potion of mutation for 80 gold pieces
  2987 | D        | Bought a potion of curing for 30 gold pieces
  2987 | D        | Bought a potion of curing for 30 gold pieces
  2987 | D        | Bought a potion of curing for 30 gold pieces
  2987 | D        | Bought a potion of flight for 30 gold pieces
  2987 | D        | Bought a potion of mutation for 80 gold pieces
  3013 | D        | Lost mutation: Potions are less effective at restoring your
                  | health. [potion of mutation]
  3013 | D        | Lost mutation: You are clumsy. (Dex -2) [potion of
                  | mutation]
  3013 | D        | Lost mutation: You are weak. (Str -2) [potion of mutation]
  3013 | D        | Gained mutation: Your magical capacity is low. (-10% MP)
                  | [potion of mutation]
  3013 | D        | Lost mutation: You sometimes lose your temper in combat.
                  | [potion of mutation]
  3013 | D        | Gained mutation: You have a pair of small horns on your
                  | head. [potion of mutation]
  3014 | D        | Lost mutation: Your spells are easier to cast, but less
                  | powerful. [potion of mutation]
  3014 | D        | Lost mutation: You sometimes lose the ability to read
                  | scrolls when taking damage. [potion of mutation]
  3014 | D        | Gained mutation: Your muscles are strong. (Str +4, Int/Dex
                  | -1) [potion of mutation]
  3103 | D        | Mangled by Tiamat

Illustrated notes

Levels and vault maps discovered:
D:        dungeon_sprint_1 [red_sonja_temple_1, red_sonja_temple_small_1]

Skill      XL: |  1  2  3  4  5  6  7  8  9 10 11 12 |
---------------+-------------------------------------+-----
Fighting       | 3 4 5 7 8 9 10 11 13 14 | 14.5
Dodging        | 3 4 5 7 8 9 10 11 13 14 | 14.5
Unarmed Combat | 5 7 9 11 13 15 16 18 21 23 | 23.1

Action                     |  1- 3 |  4- 6 |  7- 9 | 10-12 || total
---------------------------+-------+-------+-------+-------++-------
  Melee: Unarmed           |    13 |    15 |    44 |   196 ||   268
         Punch             |       |       |     1 |    26 ||    27
         Headbutt          |       |       |       |     6 ||     6
 Invoke: Berserk           |       |       |     1 |     4 ||     5
  Evoke: Wand              |     1 |       |       |     3 ||     4
    Use: Potion            |     1 |       |     4 |    12 ||    17
         Scroll            |       |       |       |     8 ||     8
   Stab: Distracted        |       |       |       |     1 ||     1
 Armour: Animal skin       |     2 |       |       |       ||     2
         Robe              |       |       |    17 |    18 ||    35
         Gold dragon scale |       |       |       |     1 ||     1
  Dodge: Dodged            |     5 |     7 |    11 |    71 ||    94
